Construct Section Command Post
Construct Platoon Command Post
6-pounder Anti-tank Gun Team
6-pounder Anti-tank Gun Team
Construct Company Command Post
Selects Heavy Armor Battlegroup
Selects Rigorous Vehicle Training
Selects Light Vehicle Withdraw and Refit
Selects Designate Targets
6-pounder Anti-tank Gun Team
Unlock M3 Grant Medium Tanks
Selects Forward Repair Assembly
Unlock Towed 17-pounder Anti-tank Guns
17-pounder Anti-tank Gun Team